 Dungeon Crawl Stone Soup version 0.23.0-3-gf3c87f2 (webtiles) character file.

Game seed: 7208709114299914197

86 Borgoz the Sneak (level 4, -4/63 HPs)
             Began as a Kobold Assassin on Feb 23, 2019.
             Slain by a goblin (5 damage)
             ... led by Robin
             ... on level 2 of the Dungeon.
             The game lasted 00:03:35 (1909 turns).

Borgoz the Sneak (Kobold Assassin)                  Turns: 1909, Time: 00:03:36

Health: -4/63      AC: 22    Str: 14    XL:     4   Next: 77%
Magic:  13/13      EV:  3    Int: 12    God:
Gold:   119        SH:  0    Dex: 21    Spells: 3/3 levels left

rFire    . . .     SeeInvis .   a - +2 dagger
rCold    . . .     Gourm    .   (shield restricted)
rNeg     + + +     Faith    .   (armour currently unavailable)
rPois    +         Spirit   .   (helmet currently unavailable)
rElec    .         Reflect  .   (cloak currently unavailable)
rCorr    .         Harm     .   (gloves currently unavailable)
MR       .....     NoTele   +   (boots currently unavailable)
Stlth    ..........             (no amulet)
HPRegen  0.20/turn              j - ring of magical power
MPRegen  0.13/turn              (no ring)

@: agile, berserking, lethally poisoned (-4 -> -11), tree-form, very quick
A: small, carnivore
a: no special abilities


You were on level 2 of the Dungeon.
You were very full.
You were a tree.
You visited 1 branch of the dungeon, and saw 2 of its levels.

You collected 119 gold pieces.

Inventory:

Hand Weapons
 a - a +2 dagger (weapon)
 b - a +0 blowgun
Missiles
 e - 8 poisoned needles
 f - 2 curare-tipped needles
Armour
 c - a +0 robe (melded)
 d - a +0 cloak (melded)
Jewellery
 j - a ring of magical power (left branch)
 p - an uncursed amulet of magic regeneration
Scrolls
 i - a scroll of identify
 k - a scroll of fear
 m - a scroll of enchant weapon {unknown}
 q - a scroll of remove curse {unknown}
Potions
 n - a potion of lignification
Comestibles
 g - 10 rations
 l - 3 chunks of flesh


   Skills:
 + Level 3.0 Fighting
 + Level 3.5 Short Blades
 - Level 2.1 Throwing
 + Level 1.1 Armour
 + Level 2.4 Dodging
 + Level 6.0 Stealth


You had 3 spell levels left.
You didn't know any spells.
Your spell library was empty.

Dungeon Overview and Level Annotations

Branches:
Dungeon (2/15)

Altars:

Annotations:
D:2 Robin


Innate Abilities, Weirdness & Mutations

You are small and have problems with some larger weapons.
You are carnivorous and can eat meat at any time.


Message History

You feel sick. The goblin barely misses you. The goblin misses you.
Unknown command.
* * * LOW HITPOINT WARNING * * *
You feel sick. The goblin hits you.
* * * LOW HITPOINT WARNING * * *
Really quaff the potion of lignification?
You turn into a tree.
Your +0 cloak melds into your body.
Your +0 robe melds into your body.
Your roots penetrate the ground.
* * * LOW HITPOINT WARNING * * *
You feel sick.
The goblin hits you but does no damage. x2
It was a potion of agility.
You feel agile all of a sudden.
* * * LOW HITPOINT WARNING * * *
You feel sick. The goblin hits you but does no damage.
Robin throws the goblin at you!
The goblin hits you but does no damage. x2
A red film seems to cover your vision as you go berserk!
You feel yourself moving faster!
You feel mighty!
* * * LOW HITPOINT WARNING * * *
You feel sick. The goblin hits you.
You die...

#................#.#######
####........#########.#
........##### #.#
###.....# #.#######
#.###.########
####.#.....÷
#.#...........
............ #
#..##############........
#.......g.)†.....(.......
#.......♣g######.........
#..######g######.#......<
#..#.....(>....# #.......
#..#.....g.....# #.######
#..#...g.......# #.
#..#...........# #.
#..#...........+ #.
#...........#
#.............


You could see Robin and 3 goblins.

Vanquished Creatures
  3 adders (D:2)
  A worm (D:2)
  A dart slug (D:2)
  3 leopard geckos
  6 bats
  4 giant cockroaches
  4 goblins (D:2)
  5 hobgoblins
  7 jackals (D:2)
  5 frilled lizards
  5 kobolds
  7 rats
51 creatures vanquished.

Notes
Turn   | Place    | Note
-------+----------+-------------------------------------------
     0 | D:1      | Borgoz the Kobold Assassin began the quest for the Orb.
     0 | D:1      | Reached XP level 1. HP: 12/12 MP: 1/1
   433 | D:1      | Reached XP level 2. HP: 18/18 MP: 2/2
  1029 | D:1      | Reached XP level 3. HP: 19/22 MP: 3/3
  1318 | D:2      | Reached XP level 4. HP: 27/27 MP: 4/4
  1334 | D:2      | Reached skill level 1 in Armour
  1899 | D:2      | Reached skill level 6 in Stealth
  1900 | D:2      | Noticed Robin
  1907 | D:2      | HP: 2/42 [poisoned by a goblin]
  1909 | D:2      | Slain by a goblin

Skill      XL: |  1  2  3  4 |
---------------+-------------+-----
Short Blades   | 3 |  3.5
Dodging        | 2 |  2.4
Armour         | 1 |  1.1
Fighting       | 3 |  3.0
Stealth        | 6 |  6.0
Throwing       | |  2.1

Action                   |  1- 3 |  4- 6 || total
-------------------------+-------+-------++-------
Melee: Dagger            |    99 |    84 ||   183
  Use: Scroll            |       |     6 ||     6
       Potion            |       |     4 ||     4
 Stab: Sleeping          |    10 |     1 ||    11
  Eat: Chunk             |    10 |     1 ||    11
Armor: Robe              |    12 |    15 ||    27
       Skin              |       |    14 ||    14
Dodge: Dodged            |    61 |    61 ||   122
